Unix NetHack Version 5.0.0-0 post-release - last build May 17 2026 04:57:42 (dc50c8380fa5e20985bfe3072449f57b8d9895ef,branch:main).

Game began 2026-05-17 16:54:37, ended 2026-05-17 17:16:14.

DaveT, lawful male human Priest

                                                   ---------
                                                  #-.((....-#     ------
                                                  #|%......|#     .....|
                                                  #|.%..(..|#     |....|
                                                  #---------#     |....|
                                                  ###      #######...(.|
                                                   ###:@#####     |....|
                                                   #`#     #      ----|-
                                     -----           *     #         ##
                                     .....#          #     #         #
                                     |...|#   -------#    ##       ###
                                     |...|#   |.....|#    #        #
                                     |...|####.......#    #    #####
                                     |<..|####|.....|    ## ####
                                     -----   #+.....|    #--.--------
                                              -------    #|....%....|
                                                         #|.........|
                                                         #..........|
                                                          -----------

DaveT the Adept              St:13 Dx:11 Co:15 In:8 Wi:18 Ch:12  Lawful
Dlvl:8  $:160 HP:0(71) Pw:85(85) AC:1  Xp:7 T:4272  Burdened

Latest messages:
 What do you want to zap? [sL or ?*] ?
 In what direction? k
 You kill the leprechaun!
 You kill the leprechaun!
 The death ray bounces!
 You see here an empty unlocked large box.
 You see here 160 gold pieces.
 You have a little trouble lifting $ - 160 gold pieces.
 You are beginning to feel hungry.
 What do you want to eat? [efjmop or ?*] ?
 My, this is a yummy slime mold!
 What do you want to throw? [$nvSW or ?*] ?
 In what direction? h
 The dart misses the floating eye.
 The dart misses the floating eye.
 The dart hits the floating eye.
 The dart misses the floating eye.
 What do you want to throw? [$vSW or ?*] W
 In what direction? h
 The dart hits the floating eye.
 The dart misses the floating eye.
 The dart hits the floating eye.
 You hit the floating eye!
 The floating eye turns to flee.
 You are frozen by the floating eye's gaze!
 The lizard bites!
 The lizard bites!
 The lizard bites!
 The lizard bites!
 The lizard bites!
 The lizard bites!
 The lizard bites!
 The lizard bites!
 The lizard bites!
 The lizard bites!
 The lizard bites!
 The lizard bites!
 The lizard bites!
 The lizard bites!
 The lizard bites!
 The lizard bites!
 The lizard bites!
 The lizard bites!
 The lizard bites!
 The lizard bites!
 You hear a chugging sound.
 The lizard bites!
 You die...
 Do you want your possessions identified? [ynq] (y) y
 Do you want to see your attributes? [ynq] (y) q

Inventory:
 Coins    ('$')
  $ - 160 gold pieces
 Amulets  ('"')
  J - an amulet of unchanging (being worn)
 Weapons  (')')
  v - a +0 orcish dagger
  S - a +0 dwarvish mattock
  a - a blessed +1 mace (weapon in right hand)
 Armor    ('[')
  z - a +0 orcish helm (being worn)
  c - a +0 small shield (being worn)
  X - a +0 mummy wrapping
  b - a blessed +2 robe (being worn)
  E - a +0 studded leather armor (being worn)
 Comestibles  ('%')
  p - 2 carrots
  e - 2 cloves of garlic
  m - 6 food rations
  f - a sprig of wolfsbane
  j - a lichen corpse
 Scrolls  ('?')
  N - a scroll of amnesia
  K - a blessed scroll of blank paper
  D - a scroll of blank paper
  M - a scroll of destroy armor
  P - a scroll of enchant weapon
  C - a scroll of fire
  Q - a scroll of gold detection
  V - a scroll of stinking cloud
  k - a scroll of teleportation
  A - a scroll of teleportation
  T - a cursed scroll of teleportation
 Spellbooks  ('+')
  h - a spellbook of extra healing
  R - a spellbook of haste self
  g - a spellbook of healing
  U - a spellbook of jumping
 Potions  ('!')
  B - a potion of enlightenment
  Z - a potion of fruit juice
  u - a potion of full healing
  y - a cursed potion of hallucination
  Y - a potion of invisibility
  H - a cursed potion of oil
  i - a potion of sickness
  d - 3 potions of holy water
 Rings    ('=')
  t - a ring of free action
  I - a +1 ring of increase damage
  O - a ring of invisibility
  x - a ring of polymorph
  l - a ring of searching
 Wands    ('/')
  L - a wand of death (0:0)
  s - a wand of magic missile (0:4)
 Tools    ('(')
  q - an expensive camera (0:51)
  w - a stethoscope

DaveT the Priest's attributes:

Background:
 You were an Adept, a level 7 human Priest.
 You were lawful, on a mission for Ptah
 who was opposed by Thoth (neutral) and Anhur (chaotic).
 You were right-handed.
 You were in the Dungeons of Doom, on level 8.
 You entered the dungeon 4272 turns ago.
 There was a new moon in effect when your adventure ended.
 You had 902 experience points, 378 more were needed to attain level 8.

Basics:
 You had 0 out of 71 hit points.
 You had all 85 energy points (spell power).
 Your armor class was 1.
 Your wallet contained 160 zorkmids.
 Autopickup was off.

Final Characteristics:
 Your strength was 13 (limit:18/100).
 Your dexterity was 11 (peak:12, limit:18).
 Your constitution was 15 (limit:18).
 Your intelligence was 8 (limit:18).
 Your wisdom was 18 (limit:18).
 Your charisma was 12 (limit:18).

Final Status:
 You weren't hungry.
 You were burdened; movement was slightly slowed.
 You were wielding a mace.
 You were skilled in mace.

Final Attributes:
 You were piously aligned.
 You were telepathic.
 You were guarded.
 Your spell casting was enhanced by wearing a robe.
 You couldn't change from your current form.
 You are dead.

Miscellaneous:
 You didn't encounter any bones levels.
 Total elapsed playing time was 21 minutes and 36 seconds.

Major events:
 Turn
    1: DaveT the lawful human Priest entered the dungeon
  589: entered the Gnomish Mines
 1378: attained the rank of Acolyte (level 3)
 3183: attained the rank of Adept (level 6)
 4272: killed by a lizard, while frozen by a floating eye's gaze

Spells:
 Name                 Level Category     Fail Retention
 healing                1   healing        0%  76%-100%
 extra healing          3   healing       68%  76%-100%
 jumping                1   escape         0%  76%-100%

Skills:
 Fighting Skills
   bare handed combat [Unskilled]
 Weapon Skills
   club               [Unskilled]
   mace               [Skilled]
   morning star       [Unskilled]
   flail              [Unskilled]
   hammer             [Unskilled]
   quarterstaff       [Unskilled]
   polearms           [Unskilled]
   spear              [Unskilled]
   trident            [Unskilled]
   lance              [Unskilled]
   bow                [Unskilled]
   sling              [Unskilled]
   crossbow           [Unskilled]
   dart               [Unskilled]
   shuriken           [Unskilled]
   boomerang          [Unskilled]
   unicorn horn       [Unskilled]
 Spellcasting Skills
   healing spells     [Unskilled]
   divination spells  [Unskilled]
   clerical spells    [Basic]

Voluntary challenges:
 Character rerolling was not enabled.
 You never genocided any monsters.
 You never polymorphed an object.
 You never changed form.
 You used no wishes.
Achievements:
 You entered the Gnomish Mines.
 You attained the rank of Acolyte.
 You attained the rank of Adept.

 The Dungeons of Doom: levels 1 to 8
    Level 1: "vault door in S"
       A fountain, a grave.
    Level 2:
       A fountain.
       Stairs down to The Gnomish Mines.
    Level 3:
    Level 4:
       A sink.
    Level 5:
       A sink.
    Level 6: "vault"
       Some fountains.
    Level 7:
       Many fountains.
    Level 8: "vault" <- You were here.
       Final resting place for
          you, killed by a lizard, while frozen by a floating eye's gaze.
 The Gnomish Mines:
    Level 3:


Vanquished creatures:
  4 small mimics
  3 leprechauns
  a lizard
  a dingo
  a dog
  a jaguar
  a raven
  a gnome mummy
  a mountain nymph
  a rock mole
  a pony
  2 fog clouds
  a gray ooze
  2 giant ants
  3 floating eyes
  a dwarf
  a homunculus
  a kobold shaman
  6 hill orcs
  2 centipedes
  a giant bat
  2 dwarf zombies
 an iguana
  3 coyotes
  2 gas spores
  4 giant rats
  a brown mold
  a yellow mold
  a red mold
  7 garter snakes
  4 gnome zombies
  2 geckos
  4 jackals
  2 foxes
  a kobold
  a bat
  4 lichens
  3 newts
79 creatures vanquished.

No species were genocided or became extinct.

Game over:
                       ----------
                      /          \
                     /    REST    \
                    /      IN      \
                   /     PEACE      \
                  /                  \
                  |      DaveT       |
                  |      160 Au      |
                  |   killed by a    |
                  |      lizard      |
                  |                  |
                  |                  |
                  |       2026       |
                 *|     *  *  *      | *
        _________)/\\_//(\/(/\)/\//\/|_)_______

Goodbye DaveT the Priest...

You died in The Dungeons of Doom on dungeon level 8 with 4172 points,
and 160 pieces of gold, after 4272 moves.
You were level 7 with a maximum of 71 hit points when you died.

